[ PARTIDA AOE2 · #505894382 ]
UnrankedBirmanos vs Khitans
Equipo del jugador · VICT
Equipo rival · DERR
[ ANÁLISIS DE REPETICIÓN · EXTRAÍDO DE LA PARTIDA GRABADA ]
Feudal
12:27
Castillos
16:01
Imperial
—
| APM promedio | 38.3 |
| APM pico | 81 |
| eAPM promedio | 21.8 |
| Aldeanos / militares | 103 / 4 |
Foco
⚔️ 18.2% · 🌾 81.8%
Mangonel ×3 · Monk ×1
Feudal
15:01
Castillos
19:02
Imperial
—
| APM promedio | 47.3 |
| APM pico | 115 |
| eAPM promedio | 27.9 |
| Aldeanos / militares | 40 / 5 |
Foco
⚔️ 26.6% · 🌾 73.4%
Unknown (1920) ×14 · Battering Ram ×4 · Iron Pagoda ×1 · Unknown (1105) ×1
Mapa de la partida
Recursos iniciales + cada clic de construcción. Líneas = muros · curvas = relieve. ◆ oro · ⬟ piedra · ● bayas · ✦ reliquia · ◌ hueco del cierre
Tu base· ✓ Cerrada en 16:01 · 12t muro · sin puerta
Base de [Nors] OG DADDY· ✓ Cerrada en 19:02 · 30t muro · sin puerta
Terreno inicial suavizado · ◌ = hueco del cierre detectado · pasá el cursor para detalles
Inputs por minuto
— CNZS_98T - - [Nors] OG DADDY
Build order — CNZS_98T
Primeras 150 de 215 acciones detectadas
| 0:00 | Crear | Villager (Male) |
| 0:01 | Crear | Villager (Male) |
| 0:01 | Crear | Villager (Male) |
| 0:02 | Crear | Villager (Male) |
| 0:03 | Construir | House |
| 0:05 | Construir | House |
| 1:08 | Investigar | Loom |
| 1:14 | Crear | Villager (Male) |
| 1:14 | Crear | Villager (Male) |
| 1:23 | Investigar | Loom |
| 1:42 | Crear | Villager (Male) |
| 2:29 | Crear | Villager (Male) |
| 2:56 | Crear | Villager (Male) |
| 2:56 | Crear | Villager (Male) |
| 3:05 | Construir | House |
| 3:29 | Crear | Villager (Male) |
| 3:49 | Crear | Villager (Male) |
| 3:49 | Crear | Villager (Male) |
| 3:53 | Construir | House |
| 4:24 | Crear | Villager (Male) |
| 4:46 | Crear | Villager (Male) |
| 4:46 | Crear | Villager (Male) |
| 5:07 | Crear | Villager (Male) |
| 5:39 | Crear | Villager (Male) |
| 5:40 | Crear | Villager (Male) |
| 5:49 | Crear | Villager (Male) |
| 6:22 | Crear | Villager (Male) |
| 6:22 | Crear | Villager (Male) |
| 6:34 | Crear | Villager (Male) |
| 6:35 | Crear | Villager (Male) |
| 6:37 | Crear | Villager (Male) |
| 6:38 | Crear | Villager (Male) |
| 6:45 | Construir | Palisade Wall |
| 7:05 | Construir | Lumber Camp |
| 7:08 | Construir | Lumber Camp |
| 7:13 | Crear | Villager (Male) |
| 7:13 | Crear | Villager (Male) |
| 7:30 | Crear | Villager (Male) |
| 7:30 | Crear | Villager (Male) |
| 7:37 | Construir | House |
| 7:56 | Crear | Villager (Male) |
| 8:38 | Construir | Mill |
| 8:51 | Crear | Villager (Male) |
| 8:51 | Crear | Villager (Male) |
| 9:11 | Crear | Villager (Male) |
| 10:17 | Investigar | Feudal Age |
| 10:18 | Investigar | Feudal Age |
| 10:20 | Construir | Mining Camp |
| 11:16 | Crear | Villager (Male) |
| 11:17 | Crear | Villager (Male) |
| 12:27 | Edad | Edad Feudal |
| 12:28 | Construir | Market |
| 12:30 | Construir | Blacksmith |
| 12:42 | Construir | Stone Wall |
| 12:43 | Construir | Stone Wall |
| 12:44 | Construir | Stone Wall |
| 12:45 | Construir | Stone Wall |
| 12:46 | Construir | Stone Wall |
| 13:12 | Construir | Lumber Camp |
| 13:21 | Investigar | Castle Age |
| 13:21 | Investigar | Castle Age |
| 13:42 | Investigar | Horse Collar |
| 13:42 | Investigar | Horse Collar |
| 13:57 | Construir | Farm |
| 14:12 | Construir | Outpost |
| 14:15 | Construir | Farm |
| 14:16 | Construir | Farm |
| 14:53 | Construir | Farm |
| 14:55 | Construir | Farm |
| 15:11 | Construir | House |
| 15:16 | Crear | Villager (Male) |
| 16:01 | Edad | Edad de los Castillos |
| 16:05 | Construir | Town Center |
| 16:09 | Construir | Town Center |
| 16:14 | Crear | Villager (Male) |
| 16:33 | Investigar | Heavy Plow |
| 16:33 | Investigar | Heavy Plow |
| 16:34 | Crear | Villager (Male) |
| 16:35 | Crear | Villager (Male) |
| 16:51 | Construir | Farm |
| 16:57 | Crear | Villager (Male) |
| 17:01 | Construir | Farm |
| 17:14 | Construir | Farm |
| 17:19 | Crear | Villager (Male) |
| 17:22 | Construir | Farm |
| 17:27 | Crear | Villager (Male) |
| 17:27 | Crear | Villager (Male) |
| 17:34 | Crear | Villager (Male) |
| 17:45 | Crear | Villager (Male) |
| 17:48 | Construir | Farm |
| 17:53 | Crear | Villager (Male) |
| 17:59 | Construir | Farm |
| 18:02 | Crear | Villager (Male) |
| 18:06 | Construir | Farm |
| 18:10 | Construir | House |
| 18:13 | Crear | Villager (Male) |
| 18:21 | Construir | House |
| 18:23 | Crear | Villager (Male) |
| 18:25 | Construir | Farm |
| 18:27 | Construir | Farm |
| 18:32 | Crear | Villager (Male) |
| 18:36 | Construir | Farm |
| 18:37 | Crear | Villager (Male) |
| 18:41 | Construir | House |
| 18:44 | Construir | Farm |
| 18:51 | Construir | Farm |
| 18:52 | Crear | Villager (Male) |
| 19:00 | Crear | Villager (Male) |
| 19:05 | Investigar | Wheelbarrow |
| 19:21 | Construir | House |
| 19:23 | Crear | Villager (Male) |
| 19:29 | Construir | Monastery |
| 19:31 | Construir | Farm |
| 19:36 | Crear | Villager (Male) |
| 19:40 | Crear | Villager (Male) |
| 19:43 | Crear | Villager (Male) |
| 19:52 | Construir | House |
| 19:56 | Investigar | Town Watch |
| 20:00 | Crear | Villager (Male) |
| 20:07 | Crear | Villager (Male) |
| 20:15 | Construir | Town Center |
| 20:17 | Crear | Villager (Male) |
| 20:28 | Construir | Farm |
| 20:29 | Crear | Monk |
| 20:31 | Crear | Villager (Male) |
| 20:37 | Investigar | Hand Cart |
| 20:37 | Investigar | Hand Cart |
| 20:45 | Construir | Farm |
| 20:49 | Construir | Farm |
| 20:51 | Crear | Villager (Male) |
| 20:52 | Crear | Villager (Male) |
| 20:54 | Construir | House |
| 20:56 | Crear | Villager (Male) |
| 21:03 | Crear | Villager (Male) |
| 21:05 | Construir | Farm |
| 21:09 | Construir | Farm |
| 21:10 | Crear | Villager (Male) |
| 21:20 | Crear | Villager (Male) |
| 21:22 | Construir | Farm |
| 21:26 | Construir | Farm |
| 21:28 | Crear | Villager (Male) |
| 21:29 | Crear | Villager (Male) |
| 21:33 | Crear | Villager (Male) |
| 21:35 | Construir | House |
| 21:37 | Construir | House |
| 21:40 | Crear | Villager (Male) |
| 21:48 | Crear | Villager (Male) |
| 21:53 | Construir | Farm |
| 21:56 | Construir | Farm |
| 21:57 | Investigar | Gold Mining |
Build order — [Nors] OG DADDY
100 acciones detectadas en el replay
| 0:01 | Crear | Villager (Male) |
| 0:01 | Crear | Villager (Male) |
| 0:02 | Construir | House |
| 0:04 | Construir | House |
| 0:21 | Investigar | Loom |
| 0:35 | Crear | Villager (Male) |
| 0:36 | Crear | Villager (Male) |
| 0:36 | Crear | Villager (Male) |
| 2:01 | Crear | Villager (Male) |
| 2:35 | Crear | Villager (Male) |
| 3:02 | Crear | Villager (Male) |
| 3:30 | Crear | Villager (Male) |
| 4:00 | Crear | Villager (Male) |
| 4:28 | Construir | Palisade Wall |
| 4:32 | Crear | Villager (Male) |
| 4:43 | Construir | Palisade Wall |
| 4:52 | Construir | Palisade Wall |
| 6:02 | Crear | Villager (Male) |
| 6:17 | Crear | Villager (Male) |
| 6:41 | Crear | Villager (Male) |
| 6:57 | Construir | Lumber Camp |
| 7:10 | Crear | Villager (Male) |
| 7:17 | Construir | House |
| 7:28 | Crear | Villager (Male) |
| 8:06 | Crear | Villager (Male) |
| 8:31 | Crear | Villager (Male) |
| 8:48 | Construir | House |
| 8:52 | Crear | Villager (Male) |
| 9:11 | Construir | Palisade Wall |
| 9:14 | Crear | Villager (Male) |
| 9:17 | Construir | Mill |
| 9:33 | Construir | Palisade Wall |
| 9:51 | Crear | Villager (Male) |
| 10:04 | Construir | Palisade Wall |
| 10:06 | Construir | Palisade Wall |
| 10:06 | Crear | Villager (Male) |
| 10:30 | Crear | Villager (Male) |
| 10:39 | Crear | Villager (Male) |
| 11:20 | Crear | Villager (Male) |
| 11:47 | Crear | Villager (Male) |
| 11:51 | Construir | House |
| 12:04 | Construir | House |
| 12:21 | Crear | Villager (Male) |
| 12:51 | Investigar | Feudal Age |
| 12:55 | Construir | Mining Camp |
| 13:00 | Construir | Pasture |
| 13:15 | Construir | Mining Camp |
| 14:17 | Crear | Villager (Male) |
| 14:18 | Crear | Villager (Male) |
| 14:37 | Construir | Pasture |
| 14:56 | Construir | Pasture |
| 15:01 | Edad | Edad Feudal |
| 15:05 | Construir | Market |
| 15:11 | Construir | Blacksmith |
| 15:15 | Construir | Stone Wall |
| 15:21 | Construir | Stone Wall |
| 15:45 | Construir | Outpost |
| 16:22 | Investigar | Castle Age |
| 16:28 | Investigar | Double-Bit Axe |
| 18:13 | Construir | Lumber Camp |
| 18:22 | Construir | Pasture |
| 18:26 | Construir | Pasture |
| 18:28 | Crear | Villager (Male) |
| 19:02 | Edad | Edad de los Castillos |
| 19:03 | Construir | Castle |
| 19:14 | Construir | Siege Workshop |
| 19:18 | Crear | Villager (Male) |
| 19:33 | Crear | Villager (Male) |
| 19:59 | Crear | Villager (Male) |
| 20:19 | Crear | Unit 1920 |
| 20:20 | Crear | Unit 1920 |
| 20:27 | Crear | Battering Ram |
| 20:32 | Crear | Unit 1920 |
| 20:33 | Crear | Unit 1920 |
| 20:40 | Crear | Villager (Male) |
| 20:55 | Crear | Battering Ram |
| 20:57 | Crear | Unit 1920 |
| 21:00 | Investigar | Scale Mail Armor |
| 21:01 | Crear | Unit 1920 |
| 21:02 | Crear | Villager (Male) |
| 21:26 | Crear | Villager (Male) |
| 21:33 | Crear | Unit 1920 |
| 21:49 | Crear | Battering Ram |
| 22:01 | Crear | Unit 1920 |
| 22:13 | Crear | Unit 1920 |
| 22:28 | Crear | Unit 1105 |
| 22:42 | Crear | Unit 1920 |
| 22:43 | Crear | Villager (Male) |
| 22:44 | Crear | Villager (Male) |
| 22:52 | Crear | Unit 1920 |
| 23:09 | Crear | Battering Ram |
| 23:11 | Crear | Unit 1920 |
| 23:31 | Crear | Unit 1920 |
| 23:33 | Crear | Villager (Male) |
| 24:07 | Crear | Unit 1920 |
| 24:08 | Crear | Villager (Male) |
| 24:12 | Construir | House |
| 24:18 | Construir | Barracks |
| 24:22 | Construir | House |
| 24:45 | Crear | Iron Pagoda |
Cronología de la partida
| 4:28 | [Nors] OG DADDY · wall_segment Palisade Wall x3 |
| 4:43 | [Nors] OG DADDY · wall_segment Palisade Wall x7 |
| 4:52 | [Nors] OG DADDY · wall_segment Palisade Wall x1 |
| 6:45 | CNZS_98T · wall_segment Palisade Wall x7 |
| 9:11 | [Nors] OG DADDY · wall_segment Palisade Wall x1 |
| 9:33 | [Nors] OG DADDY · wall_segment Palisade Wall x1 |
| 10:04 | [Nors] OG DADDY · wall_segment Palisade Wall x1 |
| 10:06 | [Nors] OG DADDY · wall_segment Palisade Wall x7 |
| 12:27 | CNZS_98T · age_up feudal |
| 12:42 | CNZS_98T · wall_segment Stone Wall x1 |
| 12:43 | CNZS_98T · wall_segment Stone Wall x1 |
| 12:44 | CNZS_98T · wall_segment Stone Wall x1 |
| 12:45 | CNZS_98T · wall_segment Stone Wall x1 |
| 12:46 | CNZS_98T · wall_segment Stone Wall x1 |
| 15:01 | [Nors] OG DADDY · age_up feudal |
| 15:15 | [Nors] OG DADDY · wall_segment Stone Wall x1 |
| 15:21 | [Nors] OG DADDY · wall_segment Stone Wall x8 |
| 16:01 | CNZS_98T · age_up castle |
| 18:55 | [Nors] OG DADDY · first_market_sell 100 food |
| 18:56 | [Nors] OG DADDY · first_market_buy 100 wood |
| 19:02 | [Nors] OG DADDY · age_up castle |
| 19:03 | [Nors] OG DADDY · first_building Castle |
| 19:14 | [Nors] OG DADDY · first_building Siege Workshop |
| 19:29 | CNZS_98T · first_building Monastery |
| 23:37 | CNZS_98T · wall_segment Stone Wall x8 |
| 23:40 | CNZS_98T · first_building Siege Workshop |
| 23:56 | CNZS_98T · wall_segment Stone Wall x7 |
| 24:13 | CNZS_98T · wall_segment Stone Wall x1 |
| 24:16 | CNZS_98T · wall_segment Stone Wall x1 |
| 24:18 | [Nors] OG DADDY · first_building Barracks |
| 24:32 | CNZS_98T · wall_segment Stone Wall x1 |
| 25:25 | [Nors] OG DADDY · resign |
[ ANÁLISIS IA · 1 CRÉDITO ]
¿Qué pasó realmente en esta partida?
Wolo.gg analiza cada decisión: build order, eco, micro, errores típicos por bracket. Análisis personalizado por WhatsApp o Discord en 30 segundos.
Guía civ
Birmanos
Perfil
Jugador #25365699